 Dungeon Crawl Stone Soup version 0.31-a0-1074-g0b22e4e0f1 (webtiles) character file.

Game seed: 11264441949579680370

192501 Firecrotchwizard the Phalangite (level 18, -1/153 HPs)
             Began as a Human Berserker on Dec 1, 2023.
             Was a High Priest of Trog.
             Slain by a naga mage
             ... wielding a +0 spear
              (12 damage)
             ... on level 3 of the Snake Pit on Dec 2, 2023.
             The game lasted 01:56:17 (33858 turns).

Firecrotchwizard the Phalangite (Human Berserker)  Turns: 33858, Time: 01:56:18

Health: -1/153     AC: 32    Str: 26    XL:     18   Next: 92%
Magic:  36/36      EV: 16    Int:  8    God:    Trog [*****.]
Gold:   1447       SH:  0    Dex: 15    Spells: 17/17 levels left

rFire   . . .        a - +2 glaive (heavy)
rCold   + + .        (shield currently unavailable)
rNeg    . . .        H - +2 plate armour {rC+}
rPois   +            Z - +1 helmet "Fucaic" {Will+}
rElec   +            o - +2 cloak {Will+}
rCorr   +            d - +2 pair of gloves {Dex+3}
SInv    +            p - +2 pair of boots of Free Will {MP+9 SInv}
Will    +++..        R - amulet of Naenguxt {+Blink rC+ Regen+ Slay+2 Stlth+} Stlth
                     L - ring of Olisyow {+Blink rElec rCorr MP+9}
HPRegen 1.25/turn    D - ring "Esail" {rPois EV+5}
MPRegen 0.25/turn

%: no passive effects
@: slowed, studying Unarmed Combat, very slow
A: no striking features
}: 1/15 runes: decaying
a: Renounce Religion, Evoke Blink, Berserk, Trog's Hand, Brothers in Arms


You were on level 3 of the Snake Pit.
You worshipped Trog.
Trog was extremely pleased with you.
You visited 5 branches of the dungeon, and saw 29 of its levels.
You also visited: Ossuary, Gauntlet and Ice Cave.

You collected 3478 gold pieces.
You spent 2031 gold pieces at shops.

Inventory:

Hand Weapons
 a - a +2 heavy glaive (weapon)
 b - a +9 halberd of flaming
 l - a +1 antimagic halberd
 O - a +2 vampiric bardiche
Missiles
 y - 8 throwing nets {@!f}
Armour
 d - a +2 pair of gloves of dexterity (worn)
 o - a +2 cloak of willpower (worn)
 p - the +2 pair of boots of Free Will (worn) {MP+9 SInv}
   (You found it on level 12 of the Dungeon)

   MP+9:      It affects your magic capacity (+9).
   SInv:      It lets you see invisible.
 H - a +2 plate armour of cold resistance (worn)
 W - +0 fire dragon scales
 Z - the +1 helmet "Fucaic" (worn) {Will+}
   (You found it on level 2 of the Lair of Beasts)

   Will+:     It increases your willpower.
Jewellery
 m - the ring "Rezxis" {Fly rF++ rCorr MP-9 Int+6}
   (You bought it in a shop on level 2 of the Snake Pit)

   [ring of intelligence]

   Int+6:     It affects your intelligence (+6).
   rF++:      It greatly protects you from fire.
   MP-9:      It affects your magic capacity (-9).
   Fly:       It grants you flight.
   rCorr:     It protects you from acid and corrosion.
 C - a ring of flight
 D - the ring "Esail" (right hand) {rPois EV+5}
   (You found it on level 5 of the Lair of Beasts)

   [ring of evasion]

   EV+5:      It affects your evasion (+5).
   rPois:     It protects you from poison
 E - a ring of fire
 L - the ring of Olisyow (left hand) {+Blink rElec rCorr MP+9}
   (You found it on level 9 of the Dungeon)

   [ring of magical power]

   rElec:     It insulates you from electricity.
   MP+9:      It affects your magic capacity (+9).
   +Blink:    It lets you blink.
   rCorr:     It protects you from acid and corrosion.
 Q - a ring of ice
 R - the amulet of Naenguxt (around neck) {+Blink rC+ Regen+ Slay+2 Stlth+}
   (You bought it in a shop on level 2 of the Snake Pit)

   [amulet of regeneration]

   Slay+2:    It affects your accuracy & damage with ranged weapons and melee
   (+2).
   rC+:       It protects you from cold.
   +Blink:    It lets you blink.
   Regen+:    It increases your rate of health regeneration.
   Stlth+:    It makes you more stealthy.
Wands
 u - a wand of paralysis (12)
 I - a wand of iceblast (39)
 M - a wand of acid (8)
 N - a wand of digging (22)
 P - a wand of polymorph (3)
 T - a wand of mindburst (5)
Scrolls
 f - 3 scrolls of fog
 g - 5 scrolls of blinking
 h - 3 scrolls of fear
 i - 4 scrolls of identify
 n - 2 scrolls of summoning
 t - 14 scrolls of teleportation
 v - a scroll of torment
 G - 4 scrolls of revelation
 J - 2 scrolls of silence
 K - 4 scrolls of vulnerability
 S - 3 scrolls of immolation
 U - 3 scrolls of poison
Potions
 c - 2 potions of heal wounds
 e - 20 potions of curing
 j - 4 potions of attraction
 k - 3 potions of lignification
 q - a potion of ambrosia
 r - a potion of magic
 s - 6 potions of haste
 w - 5 potions of mutation
 x - 4 potions of might
 z - 2 potions of resistance
 A - 3 potions of berserk rage
 B - 3 potions of cancellation
 Y - 7 potions of enlightenment
Miscellaneous
 F - a phial of floods
 V - a condenser vane
 X - a phantom mirror


   Skills:
 + Level 16.4 Fighting
 * Level 22.4 Polearms
 - Level 14.9 Armour
 + Level 7.3 Dodging
 - Level 6.0 Evocations


You had 17 spell levels left.
You didn't know any spells.
Your spell library was empty.

Dungeon Overview and Level Annotations

Branches:
Dungeon (15/15)            Temple (0/1) D:4            Lair (5/5) D:9
  Swamp (4/4) Lair:2        Snake (3/4) Lair:3        Slime (0/5) Lair:4
    Orc (2/2) D:9             Elf (0/3) Orc:2        Vaults (0/5) D:13
 Depths (0/4) D:15        Ossuary (visited)           IceCv (visited)
Gauntlet (visited)

Altars:
Fedhas
Gozag
Kikubaaqudgha
Makhleb
Nemelex Xobeh
Trog
Uskayaw
Xom

Shops:
D:12 [   D:13 :   Orc:2 *!(?   Snake:1 *:   Snake:2 :==

Portals:
Hell: Lair:5

Annotations:
D:13 2 transporters, exclusion: 2 obsidian statues, Jeffwins's ghost, journeyman TrEE
Lair:3 exclusion: 2 oklob plants


Message History

The anaconda bites you but does no damage.
The anaconda constricts you. The black mamba barely misses you.
The black mamba bites you but does no damage.
The black mamba bites you!
* * * LOW HITPOINT WARNING * * *
The naga mage points at you and mumbles some strange words.
The bolt of poison hits the black mamba.
The black mamba completely resists.
The bolt of poison hits you but does no damage.
You are more poisoned.
You resist.
The black mamba bites you but does no damage.
The black mamba bites you.
* * * LOW HITPOINT WARNING * * *
You are more poisoned.
The black mamba poisons you! The anaconda barely misses you.
The anaconda constricts you.
* * * LOW HITPOINT WARNING * * *
The black mamba completely misses you.
You feel better. The anaconda bites you.
* * * LOW HITPOINT WARNING * * *
The anaconda constricts you. The black mamba closely misses you.
The black mamba bites you but does no damage.
The black mamba closely misses you.
The anaconda bites you but does no damage.
The anaconda constricts you.
* * * LOW HITPOINT WARNING * * *
The black mamba bites you but does no damage.
The black mamba barely misses you. The black mamba closely misses you.
A naga mage comes into view. It is wielding a +0 halberd.
The black mamba bites you but does no damage.
The anaconda bites you but does no damage.
The anaconda constricts you.
The black mamba bites you but does no damage.
The black mamba completely misses you.
Your troll goes berserk!
The naga mage seems to regain its courage.
The anaconda bites you!
* * * LOW HITPOINT WARNING * * *
The anaconda constricts you.
The black mamba bites you but does no damage.
The black mamba bites you.
* * * LOW HITPOINT WARNING * * *
The black mamba bites you but does no damage.
The naga mage mumbles some strange words.
The naga mage seems to speed up.
The black mamba barely misses you. The anaconda barely misses you.
The anaconda constricts you. The black mamba barely misses you.
The black mamba misses you.
A naga comes into view. It is wielding a +0 trident.
The naga warrior roars a battlecry!
The nagas go into a battle-frenzy!
The naga mage gestures at the naga mage while chanting.
The naga mage seems to grow toxic.
The anaconda bites you but does no damage.
The anaconda constricts you.
* * * LOW HITPOINT WARNING * * *
The black mamba bites you.
* * * LOW HITPOINT WARNING * * *
The black mamba bites you but does no damage.
Unknown command.
You barely miss the anaconda.
The black mamba bites you but does no damage.
The anaconda bites you!
* * * LOW HITPOINT WARNING * * *
The anaconda constricts you. The black mamba closely misses you.
The black mamba bites you.
* * * LOW HITPOINT WARNING * * *
The black mamba bites you but does no damage.
Your troll closely misses the anaconda.
Your troll completely misses the anaconda.
Your troll claws the anaconda!
The black mamba bites you but does no damage.
The black mamba bites you.
* * * LOW HITPOINT WARNING * * *
The anaconda bites you but does no damage.
The anaconda constricts you.
* * * LOW HITPOINT WARNING * * *
The black mamba closely misses you.
Your troll bites the anaconda!
Your troll claws the anaconda.
Your troll misses the anaconda.
Unknown command.
You catch the helpless anaconda completely off-guard!
You hit the anaconda but do no damage.
The anaconda is heavily wounded.
The naga no longer looks unusually toxic.
The anaconda misses you. The anaconda constricts you.
The black mamba bites you!
* * * LOW HITPOINT WARNING * * *
The black mamba misses you.
The black mamba bites you but does no damage.
Your troll bites the anaconda but does no damage.
Your troll misses the anaconda.
Your troll claws the anaconda!!
The black mamba misses you. The anaconda barely misses your troll.
The anaconda constricts you. The black mamba bites you.
* * * LOW HITPOINT WARNING * * *
The black mamba closely misses you.
Your troll closely misses the anaconda. x3
The anaconda loses its grip on you. The black mamba barely misses you.
The black mamba bites you but does no damage.
The black mamba closely misses you.
The naga mage hits you from afar with a +0 spear!
You die...

.#.. ....
.....
#######.....
#.....N.....
#TS.N..N...
#.S..N....
#@S..NNN..
#S.###....
#.## .# ###


You could see a naga warrior, an anaconda (distracted, ally target), 3 black
mambas, 3 naga magi, 3 nagas and a friendly troll (summoned, berserk).

Vanquished Creatures
  Jorgrun (D:12)
  Agnes (Snake:1)
  Aizul (Snake:1)
  A fenstrider witch (Swamp:1)
  Roxanne (D:14)
  The ghost of Jeffwins the Grappler, a journeyman TrEE of Vehumet (Lair:5)
  A very ugly thing (IceCv)
  3 eleionomae
  4 bunyips
  Azrael (Snake:1)
  Snorg (Orc:1)
  A fire dragon (Lair:1)
  A caustic shrike simulacrum (IceCv)
  Harold (Lair:2)
  2 vault guards (D:13)
  21 hydras
  Fannar (D:12)
  8 alligators
  3 ogre magi
  3 centaur warriors
  5 anacondas
  17 two-headed ogres
  A two-headed ogre (shapeshifter) (D:14)
  3 boulder beetles
  5 naga warriors
  A tengu warrior (D:15)
  Urug (Orc:1)
  2 shock serpents
  9 spriggans
  A naga sharpshooter (Snake:2)
  A deep elf knight (D:12)
  2 skysharks
  7 spriggan druids
  Lodul (D:11)
  7 bog bodies
  2 deep trolls (Orc:2)
  3 goliath frogs
  A glowing orange brain (D:15)
  3 steelbarb worms (Swamp:2)
  10 swamp dragons
  5 deep elf pyromancers
  A lindwurm (shapeshifter) (D:15)
  A lindwurm (Lair:5)
  2 naga ritualists (Snake:1)
  A deep elf zephyrmancer (D:12)
  4 arcanists
  A wolf spider (D:15)
  A necromancer (Swamp:1)
  9 mana vipers
  An orc sorcerer (Orc:2)
  6 salamanders
  21 ugly things
  5 will-o-the-wisps
  11 cyclopes
  4 manticores
  Maurice (Orc:1)
  15 slime creatures
  20 black mambas
  12 elephants
  2 ice statues (D:14)
  7 naga magi
  2 guardian serpents
  A torpor snail (Lair:4)
  4 gargoyles
  A kobold demonologist (D:12)
  3 unseen horrors
  10 cane toads
  7 komodo dragons
  2 yaktaurs (D:13)
  5 rime drakes
  A golden dragon simulacrum (IceCv)
  2 efreet
  2 anaconda simulacra (IceCv)
  An ice devil (Lair:5)
  2 red devils (Lair:5)
  8 hornets
  6 polar bears
  14 trolls
  15 tyrant leeches
  A bloated husk (Swamp:1)
  6 meliai
  Grinder (D:3)
  A merfolk (D:14)
  A troll (shapeshifter) (D:13)
  A wolf spider simulacrum (D:14)
  10 blink frogs
  A glass eye (Lair:3)
  A centaur simulacrum (D:12)
  Sigmund (D:2)
  2 shadows
  2 dire elephant simulacra (IceCv)
  4 wyverns
  3 wraiths
  35 yaks
  18 humans (D:13)
  2 steam dragons
  4 basilisks
  A redback (shapeshifter) (D:15)
  9 vampire mosquitoes
  Edmund (D:4)
  21 nagas
  A harpy simulacrum (IceCv)
  2 wargs
  24 swamp worms
  15 water moccasins
  3 acid dragons
  8 hell hounds
  A hydra simulacrum (IceCv)
  10 orc warriors
  10 swamp drakes
  6 ice beasts
  4 black bears
  28 ogres
  13 wolves
  10 centaurs
  A phantom (D:5)
  3 kobold brigands
  10 bullfrogs
  3 gnoll sergeants
  A scorpion (D:7)
  2 jellies (D:6)
  11 killer bees
  5 electric eels
  A howler monkey (D:4)
  2 vampire bats (D:3)
  4 hounds
  14 orc priests
  A gnoll bouda (D:7)
  Jessica (D:3)
  Ijyb (D:3)
  Terence (D:2)
  Natasha (twice) (D:3)
  5 iguanas
  16 orc wizards
  A hell rat (Lair:5)
  8 mummies (Ossuary)
  8 adders
  18 gnolls
  A shadow imp (D:5)
  6 white imps
  5 ufetubi
  2 worms
  4 dart slugs
  41 orcs
  8 ball pythons
  8 bats
  3 bat skeletons (D:3)
  2 bat zombies (D:3)
  8 endoplasms
  2 giant cockroaches
  A gnoll zombie (Ossuary)
  6 hobgoblins
  4 quokkas
  2 frilled lizards
  4 goblins
  A hobgoblin zombie (Ossuary)
  28 kobolds
  4 kobold zombies (Ossuary)
  2 orc zombies (Ossuary)
  6 rats
883 creatures vanquished.

Vanquished Creatures (collateral kills)
  Donald (Swamp:3)
  A hell beast (Lair:5)
  A two-headed ogre (D:9)
  A smoke demon (Lair:5)
  An orange demon (Lair:5)
  An ice devil (Lair:5)
  A hell hound (Lair:5)
7 creatures vanquished.

Vanquished Creatures (others)
  A naga warrior (Snake:1)
  A black mamba (Snake:2)
  An unseen horror (D:12)
  2 bloated husks
  A vampire mosquito (D:13)
  A swamp worm (Swamp:1)
  8 foxfires
15 creatures vanquished.

Grand Total: 905 creatures vanquished

Notes
Turn   | Place    | Note
-------+----------+-------------------------------------------
     0 | D:1      | Firecrotchwizard the Human Berserker began the quest for
                  | the Orb.
     0 | D:1      | Reached XP level 1. HP: 18/18 MP: 1/1
   125 | D:1      | Reached XP level 2. HP: 16/24 MP: 2/2
   292 | D:1      | Reached XP level 3. HP: 26/29 MP: 3/3
   825 | D:2      | Reached XP level 4. HP: 26/35 MP: 4/4
   838 | D:2      | Reached ** piety under Trog
   929 | D:2      | Reached skill level 4 in Polearms
  1045 | D:2      | Noticed Sigmund
  1211 | D:2      | Found a shimmering altar of Xom.
  1363 | D:2      | Noticed Terence
  1368 | D:2      | Killed Terence
  1369 | D:2      | Reached XP level 5. HP: 41/41 MP: 5/5
  1514 | D:2      | Killed Sigmund
  1515 | D:2      | Reached skill level 5 in Polearms
  1515 | D:2      | Reached XP level 6. HP: 48/48 MP: 6/6
  1734 | D:3      | Noticed Ijyb
  1770 | D:3      | Killed Ijyb
  1778 | D:3      | Found a faded altar of an unknown god.
  1920 | D:3      | Found a burning altar of Makhleb.
  2052 | D:3      | Found an ancient bone altar of Kikubaaqudgha.
  2092 | D:3      | Reached XP level 7. HP: 55/55 MP: 7/7
  2135 | D:3      | Noticed Jessica
  2144 | D:3      | Killed Jessica
  2185 | D:3      | Noticed Natasha
  2199 | D:3      | Killed Natasha
  2309 | D:3      | Noticed Grinder
  2332 | D:3      | Killed Grinder
  2333 | D:3      | Reached skill level 6 in Polearms
  2458 | D:3      | Noticed Natasha
  2472 | D:3      | Killed Natasha
  2473 | D:3      | Reached skill level 5 in Fighting
  2933 | D:4      | Found a staircase to the Ecumenical Temple.
  3016 | D:4      | Found a sand-covered staircase.
  3025 | Ossuary  | Entered an ossuary
  3041 | Ossuary  | Reached XP level 8. HP: 62/62 MP: 8/8
  3536 | D:4      | Noticed Edmund
  3562 | D:4      | Killed Edmund
  3563 | D:4      | Reached skill level 7 in Polearms
  3815 | D:4      | Reached skill level 5 in Armour
  3942 | D:5      | Entered Level 5 of the Dungeon
  3959 | D:5      | Reached *** piety under Trog
  4438 | D:5      | Found a hide-covered altar of Uskayaw.
  4485 | D:5      | Reached skill level 8 in Polearms
  4910 | D:6      | Reached XP level 9. HP: 65/66 MP: 9/9
  5394 | D:6      | Noticed a two-headed ogre
  5394 | D:6      | Noticed a boulder beetle
  5986 | D:6      | Killed a two-headed ogre
  5987 | D:6      | Reached skill level 9 in Polearms
  6250 | D:6      | Reached **** piety under Trog
  6261 | D:6      | Reached XP level 10. HP: 64/79 MP: 10/10
  6465 | D:6      | Killed a boulder beetle
  6466 | D:6      | Reached skill level 10 in Polearms
  7785 | D:8      | Found a shimmering altar of Xom.
  8011 | D:8      | Found an opulent altar of Gozag.
  8011 | D:8      | Found a sparkling altar of Nemelex Xobeh.
  8137 | D:9      | Reached skill level 11 in Polearms
  8264 | D:9      | Identified the ring of Olisyow {+Blink rElec rCorr MP+9}
  8525 | D:9      | Found a staircase to the Orcish Mines.
  8561 | D:9      | Noticed an elephant
  8569 | D:9      | Killed an elephant
  8570 | D:9      | Reached skill level 1 in Evocations
  8570 | D:9      | Reached XP level 11. HP: 76/87 MP: 6/11
  8590 | D:9      | Found a staircase to the Lair.
  8863 | D:9      | Reached skill level 12 in Polearms
  9072 | D:9      | Noticed a two-headed ogre
  9087 | D:9      | Killed a two-headed ogre
  9087 | D:9      | Noticed a two-headed ogre
  9101 | D:9      | Killed a two-headed ogre
  9150 | D:9      | Found the +6 shillelagh "Devastator" {shatter}
  9564 | D:9      | Found a bloodstained altar of Trog.
  9598 | D:10     | Entered Level 10 of the Dungeon
 10342 | D:10     | Reached ***** piety under Trog
 10363 | D:10     | Reached XP level 12. HP: 93/96 MP: 7/12
 10897 | Lair:1   | Entered Level 1 of the Lair of Beasts
 11013 | Lair:1   | Reached skill level 13 in Polearms
 11407 | Lair:1   | Reached skill level 5 in Evocations
 11633 | Lair:1   | Noticed a fire dragon
 11655 | Lair:1   | Killed a fire dragon
 11714 | Lair:1   | Identified the staff of Fate {rElec Str+3 Int+5 Air}
 12046 | Lair:2   | Identified the +1 helmet "Fucaic" {Will+}
 12136 | Lair:2   | Noticed Harold
 12158 | Lair:2   | Killed Harold
 12159 | Lair:2   | Reached skill level 10 in Fighting
 12360 | Lair:2   | Noticed a five-headed hydra
 12370 | Lair:2   | Killed a five-headed hydra
 12673 | Lair:2   | Reached skill level 10 in Armour
 12730 | Lair:2   | Noticed a six-headed hydra
 12744 | Lair:2   | Killed a six-headed hydra
 12745 | Lair:2   | Reached skill level 14 in Polearms
 12795 | Lair:2   | Found a staircase to the Swamp.
 12999 | Lair:3   | Reached XP level 13. HP: 83/104 MP: 7/13
 13253 | Lair:3   | Noticed a six-headed hydra
 13275 | Lair:3   | Killed a six-headed hydra
 13364 | Lair:3   | Found a staircase to the Snake Pit.
 13850 | Lair:3   | Noticed an eight-headed hydra
 13867 | Lair:3   | Killed an eight-headed hydra
 13868 | Lair:3   | Reached skill level 15 in Polearms
 14368 | Lair:4   | Received a gift from Trog
 14625 | Lair:4   | Noticed a seven-headed hydra
 14645 | Lair:4   | Killed a seven-headed hydra
 14708 | Lair:4   | Found a staircase to the Slime Pits.
 15298 | Lair:5   | Entered Level 5 of the Lair of Beasts
 15877 | Lair:5   | Reached XP level 14. HP: 113/113 MP: 7/14
 15920 | Lair:5   | Found a runed translucent gate.
 15920 | Lair:5   | Found a runed translucent gate.
 15920 | Lair:5   | Found a runed translucent gate.
 15922 | Lair:5   | Noticed Jeffwins's ghost (journeyman TrEE)
 16054 | Lair:5   | Reached skill level 16 in Polearms
 16549 | Lair:5   | Found a burning altar of Makhleb.
 16731 | Lair:5   | Found a gateway to Hell.
 16879 | Lair:5   | Killed Jeffwins's ghost
 16884 | Lair:5   | Identified the ring "Esail" {rPois EV+5}
 17430 | D:11     | Noticed Lodul
 17441 | D:11     | Killed Lodul
 17925 | D:11     | Found a blossoming altar of Fedhas.
 17962 | D:12     | Found a gate leading to a gauntlet.
 17973 | Gauntlet | Entered a Gauntlet
 17973 | Gauntlet | Found a runed translucent gate.
 17973 | Gauntlet | Found a transporter.
 17973 | Gauntlet | Found a runed translucent gate.
 17973 | Gauntlet | Found a runed translucent gate.
 17973 | Gauntlet | Found a transporter.
 17973 | Gauntlet | Found a transporter.
 17983 | Gauntlet | Found a transporter.
 17986 | Gauntlet | Found a transporter.
 17997 | Gauntlet | Found a transporter.
 18003 | Gauntlet | Noticed a cacodemon
 18005 | Gauntlet | Found a transporter.
 18023 | Gauntlet | Found a transporter.
 18040 | Gauntlet | Found a transporter.
 18043 | Gauntlet | Found a transporter.
 18053 | Gauntlet | Found a transporter.
 18101 | Gauntlet | Found a transporter.
 18160 | D:12     | Reached skill level 17 in Polearms
 18194 | D:12     | Identified the +2 pair of boots of Free Will {MP+9 SInv}
 18251 | D:12     | Noticed Jorgrun
 18267 | D:12     | Killed Jorgrun
 18609 | D:12     | Noticed Fannar
 18627 | D:12     | Killed Fannar
 18988 | D:12     | Found Imatullo's Armour Shop.
 19135 | D:12     | Reached XP level 15. HP: 122/122 MP: 11/15
 19253 | D:12     | Found a runed translucent door.
 19271 | D:12     | Received a gift from Trog
 19344 | D:12     | Identified the +5 short sword "Oczoegaz" {speed, Contam
                  | Dex+7}
 19344 | D:12     | Identified the amulet of Zuilixeryfo {Spirit Harm rElec
                  | Dex-2}
 19402 | D:12     | Identified the +0 shortbow of Excruciating Pain {flame, rF+
                  | Dex+3}
 19441 | D:12     | Found a runed translucent door.
 20082 | D:13     | Noticed Jeffwins's ghost (journeyman TrEE)
 20110 | D:13     | Found a transporter.
 20217 | D:13     | Identified the +3 glaive of Past Mistakes {freeze, Int+4
                  | Dex+2 Stlth-}
 20381 | D:13     | Reached skill level 18 in Polearms
 20631 | D:13     | Found a transporter.
 20631 | D:13     | Noticed a tengu reaver
 20656 | D:13     | Found Hiemuc's Book Shop.
 21042 | D:13     | Identified the +6 scale mail of Dim Light {rN+ MP+9 Str-5}
 21058 | D:13     | Found a gate to the Vaults.
 21850 | D:14     | Found a frozen archway.
 21931 | IceCv    | Entered an ice cave
 21931 | IceCv    | Noticed a white very ugly thing
 21941 | IceCv    | Reached XP level 16. HP: 132/132 MP: 16/16
 22007 | IceCv    | Found a transporter.
 22015 | IceCv    | Identified a scroll of acquirement
 22015 | IceCv    | Acquired a +1 vampiric bardiche
 22029 | IceCv    | Found a transporter.
 22126 | D:14     | Noticed Roxanne
 22159 | D:14     | Killed Roxanne
 22695 | Orc:1    | Entered Level 1 of the Orcish Mines
 22697 | Orc:1    | Noticed Maurice
 22703 | Orc:1    | Killed Maurice
 22707 | Orc:1    | You fall into a shaft and drop 1 floor!
 22707 | Orc:2    | Entered Level 2 of the Orcish Mines
 22738 | Orc:2    | Reached skill level 19 in Polearms
 22781 | Orc:2    | Received a gift from Trog
 22869 | Orc:2    | Found a staircase to the Elven Halls.
 22872 | Orc:2    | Found Amaqomit's Distillery.
 22878 | Orc:2    | Found Megyagez's General Store.
 22883 | Orc:2    | Found Ledov's Magic Scroll Boutique.
 22886 | Orc:2    | Bought a potion of curing for 51 gold pieces
 22886 | Orc:2    | Bought a potion of heal wounds for 85 gold pieces
 22891 | Orc:2    | Bought a scroll of fear for 48 gold pieces
 22891 | Orc:2    | Bought a scroll of enchant armour for 90 gold pieces
 22891 | Orc:2    | Bought a scroll of teleportation for 36 gold pieces
 22903 | Orc:2    | Found Sekoy's Weapon Shop.
 23338 | Orc:1    | Noticed Snorg
 23338 | Orc:1    | Noticed Urug
 23351 | Orc:1    | Killed Snorg
 23355 | Orc:1    | Killed Urug
 23897 | D:15     | Entered Level 15 of the Dungeon
 23917 | D:15     | Identified the +3 glaive of the Cursing Laceration {flame,
                  | rF+ Str+7 Stlth-} (Trog gifted it to you on level 15 of the
                  | Dungeon)
 23917 | D:15     | Received a gift from Trog
 24258 | D:15     | Reached skill level 20 in Polearms
 24292 | D:15     | Found a staircase to the Depths.
 24649 | Swamp:1  | Entered Level 1 of the Swamp
 24669 | Swamp:1  | Reached XP level 17. HP: 107/140 MP: 17/17
 26390 | Swamp:2  | Reached skill level 15 in Fighting
 26929 | Swamp:2  | Received a gift from Trog
 26994 | Swamp:2  | Reached ****** piety under Trog
 27421 | Swamp:3  | Reached skill level 21 in Polearms
 27843 | Swamp:3  | Noticed Donald
 27850 | Swamp:3  | Killed Donald
 28323 | Swamp:4  | Entered Level 4 of the Swamp
 28728 | Swamp:4  | Identified the +6 rapier of Ipsuvaha {pain, Contam rN+
                  | Str+5}
 28748 | Swamp:4  | Reached XP level 18. HP: 135/150 MP: 18/18
 28767 | Swamp:4  | Reached skill level 5 in Dodging
 28849 | Swamp:4  | Received a gift from Trog
 31113 | Swamp:4  | Got a decaying rune of Zot
 31702 | Snake:1  | Entered Level 1 of the Snake Pit
 32031 | Snake:1  | Noticed Azrael
 32065 | Snake:1  | Killed Azrael
 32072 | Snake:1  | Noticed Agnes
 32079 | Snake:1  | Killed Agnes
 32080 | Snake:1  | Identified the serpent talisman "Xekiusov" {rC+}
 32080 | Snake:1  | Noticed Aizul
 32091 | Snake:1  | Killed Aizul
 32304 | Snake:1  | Found Mimuo's General Store.
 32312 | Snake:1  | Found Xawal's Book Boutique.
 32564 | Snake:1  | Reached skill level 22 in Polearms
 32782 | Snake:1  | Identified the +9 dagger of the Beginning {heavy, rN+}
 32930 | Snake:1  | Received a gift from Trog
 33350 | Snake:2  | Found Xeticyos's Jewellery Boutique.
 33351 | Snake:2  | Found Hoac's Book Emporium.
 33352 | Snake:2  | Found Idozuis's Jewellery Boutique.
 33358 | Snake:2  | Bought the amulet of Naenguxt {+Blink rC+ Regen+ Slay+2
                  | Stlth+} for 933 gold pieces
 33374 | Snake:2  | Bought the ring "Rezxis" {Fly rF++ rCorr MP-9 Int+6} for
                  | 788 gold pieces
 33858 | Snake:3  | Slain by a naga mage

Illustrated notes

Levels and vault maps discovered:
D:1:      tarquinn_simple_flora_water_a, layout_basic
D:2:      layout_loops_cross, basic_altar, uniq_terence, uniq_sigmund
D:3:      layout_basic, bloody_makhleb, kennysheep_vampire_church,
          nicolae_ecumenical_snake_handling, uniq_natasha, uniq_ijyb,
          uniq_jessica, uniq_grinder
D:4:      layout_loops_ring, minmay_temple_entry_metal_lava,
          mainiacjoe_ossuary_entry_dusty_tomb, columned_hall_lemuel, uniq_edmund
D:5:      layout_rooms, eat_drink_and_be_merry_uskayaw, nicolae_zen_rock_garden,
          hangedman_decor_opposing, minmay_misc_feat_pillars,
          minmay_crystal_water
D:6:      layout_gridville, serial_glass, glass_columns_b, glass_columns_a,
          minmay_divided_ellipse
D:7:      layout_cave_pods, dreamdust_princess_corridor
D:8:      layout_basic, grunt_temple_overflow_opulence, kennysheep_little_box
D:9:      layout_layer_cave, trog_hazing_becter, david_lair_generic,
          david_orc_3, dilly_guarded_unrand_devastator
D:10:     minmay_recursive_quarters, layout_irregular_city
D:11:     layout_long_grid, fedhas_altar_4, uniq_lodul
D:12:     minmay_the_grid_triangle_9x9_rhombus_full
          [minmay_the_grid_triangle_9x9_corrupted_corridor,
          minmay_the_grid_triangle_9x9_negative_grid,
          minmay_the_grid_triangle_9x9_checkered,
          minmay_the_grid_triangle_9x9_odd_lines,
          minmay_the_grid_triangle_9x9_semitri,
          minmay_the_grid_triangle_9x9_tough_junction,
          minmay_the_grid_triangle_9x9_sprig,
          minmay_the_grid_triangle_9x9_prize_center], layout_basic,
          gauntlet_entry_generic, serial_shops, nicolae_take_the_stairs,
          uniq_fannar, uniq_jorgrun
D:13:     layout_stronghold, grunt_vaults_entry_tiered, serial_bayou,
          serial_bayou_lagoon_a, serial_bayou_shore_a, serial_bayou_crossing,
          serial_bayou_pond_e, serial_bayou_pond_d, serial_shops, shop,
          nzn_ghost_randoct, nrook_mini_backslash, minmay_microvault
D:14:     layout_small_grid, grunt_decor_resistance, serial_ice, serial_ice_i,
          serial_ice_c, serial_ice_d, serial_ice_n, serial_ice_f, serial_ice_g,
          portal_ice_cave_entry_ice_statue_two, hangedman_fish_farm,
          uniq_roxanne
D:15:     gammafunk_enter_depths_forms, layout_rooms
Lair:1:   dragon1_lemuel, layout_regular_city
Lair:2:   layout_cellular_growth, minmay_swamp_entry_reptiles,
          lemuel_fruit_fields, uniq_harold
Lair:3:   layout_cave_pods, nicolae_snake_entry_squirm, disabler_island
Lair:4:   hellmonk_destroyed_diamonds, layout_cave_pods, slime_entry_1
Lair:5:   evil_forest, layout_gridlike, ebering_ghost_rock_garden,
          grunt_megastairs_4, lemuel_fruit_fields
Swamp:1:  nicolae_swamp_standing_stones, layout_basic_swamp, serial_swamp_ruin,
          evilmike_swamp_ruin_house_4, hangedman_swamp_ruin_wall
Swamp:2:  layout_basic_swamp, evilmike_swamp_ruin_house_3, swamp_pool_3,
          nicolae_swamp_vermiculated
Swamp:3:  layout_basic_swamp, nicolae_swamp_little_swirl,
          infiniplex_staircase_pool, uniq_donald
Swamp:4:  swamp, layout_basic_swamp
Snake:1:  layout_honeycomb, minmay_shoptagon, uniq_azrael, uniq_agnes,
          uniq_aizul
Snake:2:  layout_basic, minmay_shop_grove
Snake:3:  layout_cave_shapes, serial_shops, shop
Orc:1:    layout_caves, uniq_snorg, uniq_maurice, uniq_urug
Orc:2:    st_orc_open, layout_diamond_mine

Skill      XL: |  1  2  3  4  5  6  7  8  9 10 11 12 13 14 15 16 17 18 |
---------------+-------------------------------------------------------+-----
Polearms       | 4 5 6 8 9 11 12 14 15 17 18 20 21 22 | 22.4
Fighting       | 4 5 7 8 9 10 11 12 13 14 15 16 | 16.4
Armour         | 3 4 5 6 8 9 10 11 12 13 14 | 14.9
Evocations     | 1 4 6 |  6.0
Dodging        | 4 7 |  7.3

Action                     |  1- 3 |  4- 6 |  7- 9 | 10-12 | 13-15 | 16-18 || total
---------------------------+-------+-------+-------+-------+-------+-------++-------
  Melee: Spear             |    86 |   194 |   351 |    54 |    53 |       ||   738
         Punch             |       |       |     5 |       |       |       ||     5
         Flail             |       |       |    96 |       |       |       ||    96
         Halberd           |       |       |       |   714 |  1174 |   877 ||  2765
         Glaive            |       |       |       |       |     1 |   117 ||   118
         Bardiche          |       |       |       |       |       |   339 ||   339
   Fire: Sling             |    24 |       |       |       |       |       ||    24
 Invoke: Berserk           |     1 |     2 |     5 |     8 |     9 |     4 ||    29
         Trog's Hand       |       |     1 |     2 |       |     3 |     1 ||     7
         Brothers in Arms  |       |       |       |     1 |     1 |     2 ||     4
  Evoke: Wand              |       |       |       |     7 |    10 |     2 ||    19
    Use: Scroll            |       |       |    16 |    10 |     1 |    11 ||    38
         Potion            |       |       |       |       |     3 |     3 ||     6
   Stab: Distracted        |       |       |       |       |       |     2 ||     2
 Armour: Animal skin       |    26 |       |       |       |       |       ||    26
         Ring mail         |    26 |    23 |       |       |       |       ||    49
         Chain mail        |       |   112 |   411 |   461 |       |       ||   984
         Plate armour      |       |       |       |   293 |   979 |  1022 ||  2294
         Fire dragon scale |       |       |       |       |    44 |       ||    44
  Dodge: Dodged            |    43 |    71 |   198 |   332 |   406 |   727 ||  1777

Table legend: (Time is in decaauts)
 A = Elapsed time spent in this place.
 B = Non-inter-level travel time spent in this place.
 C = Inter-level travel time spent in this place.
 D = Time resting spent in this place.
 E = Time spent auto-exploring this place.
 F = Levels seen in this place.
 G = Mean time per level.
                   A        B        C        D        E       F      G
               +--------+--------+--------+--------+--------+-----+--------+
         Total |  33512 |  31615 |   1897 |   7812 |  17615 |  32 | 1047.2 |
       Dungeon |  16688 |  15538 |   1150 |   2769 |   9508 |  15 | 1112.5 |
          Lair |   6597 |   6133 |    464 |   1384 |   3554 |   5 | 1319.4 |
         Swamp |   6549 |   6375 |    174 |   3225 |   2325 |   4 | 1637.2 |
     Snake Pit |   2102 |   2034 |     68 |    214 |   1336 |   3 |  700.7 |
  Orcish Mines |    991 |    953 |     38 |    103 |    632 |   2 |  495.5 |
       Ossuary |    328 |    328 |      0 |     66 |    132 |   1 |  328.0 |
      Ice Cave |    107 |    107 |      0 |     49 |     10 |   1 |  107.0 |
      Gauntlet |    147 |    147 |      0 |      0 |    116 |   1 |  147.0 |
               +--------+--------+--------+--------+--------+-----+--------+

Top non-repeatable levels by time:
 Swamp:4: 3054 daAuts
    D:12: 2004 daAuts
     D:9: 1738 daAuts
     D:6: 1663 daAuts
  Lair:2: 1515 daAuts
    D:13: 1482 daAuts
  Lair:5: 1465 daAuts
  Lair:3: 1354 daAuts
 Snake:1: 1322 daAuts
 Swamp:1: 1287 daAuts
    D:10: 1254 daAuts
     D:3: 1250 daAuts
 Swamp:3: 1186 daAuts
  Lair:1: 1177 daAuts
  Lair:4: 1084 daAuts
